 Dungeon Crawl Stone Soup version 0.31-a0-221-gbddc013574 (webtiles) character file.

Game seed: 9700916447603901301

231 Ijustatesigmund the Stinger (level 6, -1/57 HPs)
             Began as an Octopode Venom Mage on July 4, 2023.
             Slain by a gnoll bouda
             ... wielding a +2 vampiric whip
              (4 damage)
             ... on level 3 of the Dungeon.
             The game lasted 00:07:30 (3265 turns).

Ijustatesigmund the Stinger (Octopode Venom Mage)   Turns: 3265, Time: 00:07:31

Health: -1/57      AC: 23    Str:  8    XL:     6   Next: 3%
Magic:  3/10       EV:  2    Int: 25    God:
Gold:   167        SH:  0    Dex: 12    Spells: 1/11 levels left

rFire   . . .        c - +0 war axe
rCold   . . .        (no shield)
rNeg    . . .        (helmet currently unavailable)
rPois   +            e - amulet of the acrobat
rElec   .            h - +6 ring of intelligence
rCorr   .            q - ring "Waihub" {rPois SInv}
SInv    +            (no ring)
Will    +++..        (no ring)
Stlth   ++           (no ring)
HPRegen 0.29/turn    (no ring)
MPRegen 0.12/turn    (no ring)
                     (no ring)

%: acrobat
@: tree-form, weakened, enlightened, hasted, very quick
A: stationary, stasis, torment immunity, boosted hp, almost no armour,
(amphibious), 8 rings, (camouflage 1), (gelatinous body 1), (nimble swimmer 1),
(tentacles), strong-willed 2, noise suppression
a: no special abilities


You were on level 3 of the Dungeon.
You were a tree.
You visited 1 branch of the dungeon, and saw 3 of its levels.

You collected 167 gold pieces.

Inventory:

Hand Weapons
 c - a +0 war axe (weapon)
 k - the +7 dagger of Generosity {pain, *Noise Dex+2 SInv Stlth+}
   (You found it on level 2 of the Dungeon)

   Dex:       It affects your dexterity (+2).
   SInv:      It lets you see invisible.
   *Noise:    It may make noises in combat.
   Stlth:     It makes you more stealthy.
Jewellery
 e - an amulet of the acrobat (around neck)
 h - a +6 ring of intelligence (left branch)
 q - the ring "Waihub" (right branch) {rPois SInv}
   (You found it on level 3 of the Dungeon)

   [ring of see invisible]

   rPois:     It protects you from poison.
   SInv:      It lets you see invisible.
Scrolls
 g - a scroll of identify {unknown}
 j - a scroll of revelation {unknown}
 m - a scroll of enchant weapon {unknown}
 n - 3 scrolls of teleportation {unknown}
 o - a scroll of blinking {unknown}
Potions
 a - a potion of magic
 f - a potion of enlightenment
 l - a potion of cancellation


   Skills:
 - Level 1.3 Fighting
 + Level 1.9 Axes
 - Level 2.0 Dodging
 - Level 2.6 Stealth
 + Level 3.1 Spellcasting
 + Level 1.9 Conjurations
 - Level 1.0 Transmutations
 + Level 1.9 Air Magic
 + Level 4.9 Poison Magic


You had one spell level left.
You knew the following spells:

 Your Spells              Type           Power      Damage    Failure   Level
a - Sting                 Tmut/Pois      72%        1d6       3%          1
b - Poisonous Vapours     Pois/Air       42%        N/A       3%          2
c - Mephitic Cloud        Conj/Pois/Air  18%        N/A       9%          3
d - Olgreb's Toxic Radia  Pois           28%        N/A       13%         4

Your spell library contained the following spells:

 Spells                   Type           Power      Damage    Failure   Level
 Necrotise                Necr           12%        1d4       10%         1
 Inner Flame              Hex/Fire       3%         N/A       30%         3
 Summon Guardian Golem    Hex/Summ       3%         N/A       30%         3
 Vampiric Draining        Necr           3%         2d6       30%         3
 Flame Wave               Conj/Fire      8%         2d5       54%         4
 Sticky Flame             Conj/Fire      8%         2d3       54%         4
 Agony                    Necr           3%         N/A       95%         5
 Orb of Destruction       Conj           6%         9d6       100%        7
 Spellforged Servitor     Conj/Summ      4%         N/A       100%        7


Dungeon Overview and Level Annotations

Branches:
Dungeon (3/15)

Altars:
Gozag


Innate Abilities, Weirdness & Mutations

You are a tree.
Your roots penetrate the ground, keeping you stationary.
You cannot be teleported.
You are immune to unholy pain and torment.
Your maximum health is greatly increased.
You cannot wear most types of armour.
((You are amphibious.))
You can wear up to eight rings at the same time.
((Your skin changes colour to match your surroundings (Stealth+).))
((Your rubbery body absorbs attacks. (AC +1, EV +1)))
((You are camouflaged when in or above water. (Stealth+)))
((You have tentacles for arms and can constrict up to eight enemies at once.))
You are highly strong-willed. (Will++)
You passively dampen the noise of your surroundings.


Message History

The gnoll bouda draws strength from your wounds!
You closely miss the gnoll bouda.
The gnoll bouda is heavily wounded.
The gnoll bouda hits you but does no damage.
It was a potion of mutation.
You feel extremely strange.
You feel your surroundings grow quieter.
You feel strong-willed.
You feel more strong-willed.
The gnoll bouda hits you with a +2 vampiric whip.
* * * LOW HITPOINT WARNING * * *
The gnoll bouda draws strength from your wounds!
It was a potion of haste.
You feel yourself speed up.
The gnoll bouda hits you but does no damage.
A gnoll bouda is nearby!
A gnoll bouda is nearby!
A gnoll bouda is nearby!
A gnoll bouda is nearby!
A gnoll bouda is nearby!
You completely miss the gnoll bouda.
The gnoll bouda is heavily wounded.
The gnoll bouda gazes fiercely through you!
You feel as though you will be weak longer.
The gnoll bouda hits you but does no damage.
You hit the gnoll bouda but do no damage.
The gnoll bouda is heavily wounded.
The gnoll bouda hits you with a +2 vampiric whip.
* * * LOW HITPOINT WARNING * * *
You slash the gnoll bouda!
The gnoll bouda is severely wounded.
The gnoll bouda prays to its god.
The gnoll bouda is healed somewhat.
You closely miss the gnoll bouda.
The gnoll bouda is heavily wounded.
The gnoll bouda hits you with a +2 vampiric whip.
* * * LOW HITPOINT WARNING * * *
You closely miss the gnoll bouda.
The gnoll bouda is heavily wounded.
The gnoll bouda gazes fiercely through you!
You feel as though you will be weak longer.
The gnoll bouda hits you with a +2 vampiric whip.
You die...

.....#..........#
#.##
.....####.......#
#.## .....#
#.##..†.# #.##
.....# #.......#
#.## .....#
####....# #.##
#........ #....#
#.## #.##.....
#....# #... #.#
..... #....####
#### #.# .....
#####♣g.# #.#
#### #.#.# #.#
#)# # .# #)# #)#
... #.# #.. ###


You could see a gnoll bouda.

Vanquished Creatures
  Terence (D:2)
  Natasha (thrice) (D:2)
  An adder (D:2)
  3 gnolls (D:3)
  An adder zombie (D:2)
  A worm (D:2)
  A dart slug (D:1)
  4 orcs (D:3)
  4 bats
  A bat skeleton (D:2)
  6 endoplasms
  3 giant cockroaches (D:1)
  6 goblins
  6 hobgoblins
  7 quokkas
  12 ball pythons
  2 ball python skeletons (D:2)
  4 frilled lizards
  4 kobolds
  A quokka zombie (D:2)
  6 rats
  A spectral ball python (D:2)
78 creatures vanquished.

Notes
Turn   | Place    | Note
-------+----------+-------------------------------------------
     0 | D:1      | Ijustatesigmund the Octopode Venom Mage began the quest for
                  | the Orb.
     0 | D:1      | Reached XP level 1. HP: 11/11 MP: 3/3
   164 | D:1      | Reached XP level 2. HP: 2/18 MP: 5/5
   234 | D:1      | Learned a level 2 spell: Poisonous Vapours
   405 | D:1      | Reached skill level 1 in Fighting
   405 | D:1      | Reached skill level 4 in Poison Magic
   571 | D:1      | Reached XP level 3. HP: 17/23 MP: 4/6
   575 | D:1      | Learned a level 3 spell: Mephitic Cloud
   681 | D:1      | Found a faded altar of an unknown god.
  1225 | D:2      | Noticed Terence
  1244 | D:2      | Killed Terence
  1245 | D:2      | Reached skill level 1 in Axes
  1245 | D:2      | Reached skill level 1 in Conjurations
  1245 | D:2      | Reached XP level 4. HP: 14/28 MP: 0/8
  1454 | D:2      | Reached skill level 1 in Air Magic
  2073 | D:2      | Noticed Natasha
  2082 | D:2      | Killed Natasha
  2083 | D:2      | Reached XP level 5. HP: 24/33 MP: 3/9
  2170 | D:2      | Identified the +7 dagger of Generosity {pain, *Noise Dex+2
                  | SInv Stlth+}
  2235 | D:2      | Noticed Natasha
  2243 | D:2      | Killed Natasha
  2247 | D:2      | Noticed Natasha
  2252 | D:2      | Killed Natasha
  2681 | D:3      | Found an opulent altar of Gozag.
  2895 | D:3      | Learned a level 4 spell: Olgreb's Toxic Radiance
  3131 | D:3      | Identified the ring "Waihub" {rPois SInv}
  3247 | D:3      | Reached XP level 6. HP: 22/38 MP: 0/10
  3259 | D:3      | Gained mutation: You passively dampen the noise of your
                  | surroundings. [potion of mutation]
  3259 | D:3      | Gained mutation: You are strong-willed. (Will+) [potion of
                  | mutation]
  3259 | D:3      | Gained mutation: You are highly strong-willed. (Will++)
                  | [potion of mutation]
  3265 | D:3      | Slain by a gnoll bouda

Illustrated notes

Levels and vault maps discovered:
D:1:      nzn_arrival_settlement, layout_basic,
          ebering_ecumenical_altar_abandoned, minmay_pentomino_x4
D:2:      layout_basic, dilly_guarded_unrand_morg, uniq_terence
D:3:      layout_basic, marbit_many_paths

Skill      XL: |  1  2  3  4  5 |
---------------+----------------+-----
Fighting       | 1 |  1.3
Poison Magic   | 4 |  4.9
Axes           | 1 |  1.9
Conjurations   | 1 |  1.9
Air Magic      | 1 |  1.9
Spellcasting   | 3 |  3.1
Dodging        | |  2.0
Stealth        | |  2.6
Transmutations | |  1.0

Action                     |  1- 3 |  4- 6 || total
---------------------------+-------+-------++-------
  Melee: War axe           |    60 |    76 ||   136
         Short sword       |     6 |       ||     6
         Constrict         |    19 |    18 ||    37
         Tentacles         |    15 |    14 ||    29
         Punch             |       |     1 ||     1
   Cast: Sting             |     6 |     1 ||     7
         Poisonous Vapours |    20 |    24 ||    44
         Olgreb's Toxic Ra |       |     2 ||     2
         Mephitic Cloud    |       |     1 ||     1
    Use: Potion            |       |     8 ||     8
   Stab: Sleeping          |     2 |     6 ||     8
 Armour: Skin              |     4 |    11 ||    15
  Dodge: Dodged            |    56 |    58 ||   114

Table legend: (Time is in decaauts)
 A = Elapsed time spent in this place.
 B = Non-inter-level travel time spent in this place.
 C = Inter-level travel time spent in this place.
 D = Time resting spent in this place.
 E = Time spent auto-exploring this place.
 F = Levels seen in this place.
 G = Mean time per level.
                   A        B        C        D        E       F      G
               +--------+--------+--------+--------+--------+-----+--------+
         Total |   3339 |   3139 |    200 |    547 |   2017 |   3 | 1113.0 |
       Dungeon |   3339 |   3139 |    200 |    547 |   2017 |   3 | 1113.0 |
               +--------+--------+--------+--------+--------+-----+--------+

Top non-repeatable levels by time:
     D:2: 1501 daAuts
     D:1: 1082 daAuts
     D:3: 756 daAuts
